 Dungeon Crawl Stone Soup version 0.21.1-1-g345015f (webtiles) character file.

25 manyhoops the Magician (level 3, -2/28 HPs)
             Began as a Gnoll Wanderer on May 20, 2018.
             Slain by an adder (3 damage)
             ... on level 1 of the Dungeon.
             The game lasted 00:01:39 (1352 turns).

manyhoops the Magician (Gnoll Wanderer)             Turns: 1352, Time: 00:01:40

Health: -2/28      AC: 11    Str: 13    XL:     3   Next: 6%
Magic:  11/11      EV:  9    Int: 15    God:
Gold:   87         SH:  0    Dex: 15    Spells: 16/16 levels left

rFire    . . .     SeeInvis .   d - +0 dagger
rCold    . . .     Gourm    .   (no shield)
rNeg     . . .     Faith    .   a - +2 scale mail
rPois    .         Spirit   .   g - +2 hat
rElec    .         Reflect  .   (no cloak)
rCorr    .         Harm     .   (no gloves)
MR       .....                  (no boots)
Stlth    ..........             (no amulet)
HPRegen  0.09/turn              (no ring)
MPRegen  0.12/turn              (no ring)

@: lethally poisoned (-2 -> -5), hasted, very quick
A: distributed training, fangs 1, strong nose
a: no special abilities


You were on level 1 of the Dungeon.
You were hungry.

You visited 1 branch of the dungeon, and saw 2 of its levels.

You collected 87 gold pieces.

Inventory:

Hand Weapons
 d - a +0 dagger (weapon)
Armour
 a - a +2 scale mail (worn)
 g - a +2 hat (worn)
Wands
 c - a wand of random effects (12)
Books
 b - the Compendium of Dark Rituals

   Spells                             Type                      Level
   a - Pain                           Necromancy                   1
   b - Regeneration                   Charms/Necromancy            3
Comestibles
 f - 2 rations


   Skills:
 + Level 2.5 Fighting
 + Level 0.5 Short Blades
 + Level 0.5 Long Blades
 + Level 0.5 Axes
 + Level 0.5 Maces & Flails
 + Level 0.5 Polearms
 + Level 0.5 Staves
 + Level 0.5 Slings
 + Level 0.5 Bows
 + Level 0.5 Crossbows
 + Level 0.5 Throwing
 + Level 4.5 Armour
 + Level 0.5 Dodging
 + Level 0.5 Stealth
 + Level 2.5 Shields
 + Level 0.5 Unarmed Combat
 + Level 7.1 Spellcasting
 + Level 0.4 Conjurations
 + Level 0.4 Hexes
 + Level 0.4 Charms
 + Level 0.4 Summonings
 + Level 0.4 Necromancy
 + Level 0.4 Translocations
 + Level 0.4 Transmutations
 + Level 0.4 Fire Magic
 + Level 0.4 Ice Magic
 + Level 0.4 Air Magic
 + Level 0.4 Earth Magic
 + Level 3.7 Poison Magic
 + Level 0.7 Invocations
 + Level 2.5 Evocations


You had 16 spell levels left.
You didn't know any spells.

Dungeon Overview and Level Annotations

Branches:
Dungeon (2/15)

Altars:


Innate Abilities, Weirdness & Mutations

Your experience applies equally to all skills.
You have very sharp teeth.
Your uncanny sense of smell can sniff out nearby items.


Message History

The adder barely misses you. The goblin closely misses you.
The goblin hits you but does no damage.
Aiming: Random Effects
Press: ? - help, Shift-Dir - straight line, f/p - adder
Aim: an adder (heavily wounded)
The adder flickers and vanishes!
Deactivating autopickup; reactivate with Ctrl-A.
Something bites you.
* * * LOW HITPOINT WARNING * * *
The goblin hits you but does no damage. Something bites you.
* * * LOW HITPOINT WARNING * * *
You are lethally poisoned!
Something poisons you!
Aiming: Random Effects
Press: ? - help, Shift-Dir - straight line, f - you That beam is likely to hit you.
Continue anyway?
You feel yourself speed up.
* * * LOW HITPOINT WARNING * * *
You feel sick. The goblin barely misses you. Something bites you.
You die...

#######...###
#..... #...#
#.##..
#...#####.##..
#....).[..##..
#....####.##.#
#....####.##..
#.........####
#######...######
#g@g......#
#{#####..## #.#
#..##### #.#
#......# ###.#
#.####.#
#...#####.####.#
#.....÷........#
#....♣♣♣♣#######
##..♣♣.♣♣
##♣.♣♣♣♣###


You could see 2 goblins.

Vanquished Creatures
  A leopard gecko (D:1)
  3 giant cockroaches (D:1)
  A goblin (D:1)
  3 hobgoblins (D:1)
  3 jackals (D:1)
  A ball python (D:1)
  A bat (D:1)
  6 kobolds (D:1)
  4 rats (D:1)
23 creatures vanquished.

Notes
Turn   | Place    | Note
-------+----------+-------------------------------------------
     0 | D:1      | manyhoops the Gnoll Wanderer began the quest for the Orb.
     0 | D:1      | manyhoops set off with: a +2 scale mail, the Compendium of Dark Rituals, a wand of random effects (15), a +0 dagger, a ration
     0 | D:1      | Reached XP level 1. HP: 17/17 MP: 8/8
     0 | D:1      | Identified the Compendium of Dark Rituals
   132 | D:1      | Reached XP level 2. HP: 12/23 MP: 10/10
   667 | D:1      | Reached XP level 3. HP: 28/28 MP: 11/11
  1352 | D:1      | HP: 1/28 [poisoned by an adder]
  1352 | D:1      | Slain by an adder

Action                   || total
-------------------------++-------
Melee: Dagger            ||   158
       Bite              ||    16
       Punch             ||     1
Evoke: Wand              ||     3
  Use: Scroll            ||     1
  Eat: Chunk             ||     1
Armor: Scale mail        ||   130
Dodge: Dodged            ||   124
